 Dungeon Crawl Stone Soup version 0.21-a0-140-g479285b (webtiles) character file.

200299 Gorglomux the Marksorc (level 18, -3/159 HPs)
             Began as a Hill Orc Arcane Marksman on July 21, 2017.
             Was a High Priest of Okawaru.
             Slain by a snapping turtle (12 damage)
             ... on level 4 of the Shoals.
             The game lasted 01:14:00 (29817 turns).

Gorglomux the Marksorc (Hill Orc Arcane Marksman)  Turns: 29817, Time: 01:14:01

Health: -3/159     AC: 24    Str: 26    XL:     18   Next: 50%
Magic:  19/24      EV: 16    Int:  8    God:    Okawaru [*****.]
Gold:   1927       SH:  0    Dex: 13    Spells: 15/19 levels left

rFire    + . .     SeeInvis .   a - +2 battleaxe (vamp)
rCold    . . .     Gourm    .   (shield currently unavailable)
rNeg     . . .     Faith    .   t - +5 scale mail of Snakes and Ladders {rPois}
rPois    +         Spirit   .   U - +2 hat
rElec    .         Reflect  .   k - scarf "Ycidwest" {god gift, rF+ Regen+ Str+3 Int-5}
rCorr    .         Harm     .   c - +2 pair of gloves {archery} {god gift}
MR       ++...                  g - +2 pair of boots of the Assassin {Detection Stab+ Stlth++}
Stlth    +++.......             r - amulet of regeneration
HPRegen  1.16/turn              m - ring of protection from magic
MPRegen  0.19/turn              l - ring of flight

@: heroism, finesse, very slightly contaminated, heavily drained
A: horns 1, repulsion field 1, agile 1, strong 1, wild magic 1
}: 1/15 runes: serpentine
a: Heroism, Finesse, Renounce Religion, Evoke Flight


You were on level 4 of the Shoals.
You worshipped Okawaru.
Okawaru was extremely pleased with you.
You were not hungry.

You visited 6 branches of the dungeon, and saw 32 of its levels.

You collected 2827 gold pieces.
You spent 900 gold pieces at shops.

Inventory:

Hand Weapons
 a - a +2 vampiric battleaxe (weapon)
 b - a +9 longbow of electrocution
Missiles
 d - 891 arrows
 Z - a throwing net (quivered)
Armour
 c - a +2 pair of gloves of archery (worn) {god gift}
 g - the +2 pair of boots of the Assassin (worn) {Detection Stab+ Stlth++}
   (You found it on level 4 of the Shoals)

   It makes you much more stealthy.
 k - the scarf "Ycidwest" (worn) {god gift, rF+ Regen+ Str+3 Int-5}
   (Okawaru gifted it to you on level 6 of the Lair of Beasts)

   It affects your strength (+3).
   It affects your intelligence (-5).
   It protects you from fire.
   It increases your rate of regeneration.
 t - the +5 scale mail of Snakes and Ladders (worn) {rPois}
   (You found it on level 9 of the Dungeon)

   It protects you from poison.
 H - a scarf of resistance
 U - a +2 hat (worn)
Jewellery
 f - an uncursed ring of protection from fire
 l - a ring of flight (right hand)
 m - a ring of protection from magic (left hand)
 r - an amulet of regeneration (around neck)
 s - an uncursed ring of see invisible
Wands
 u - a wand of clouds (6/9)
 A - a wand of acid (6/15)
 D - a wand of digging (12/24)
 I - a wand of iceblast (3/15)
 L - a wand of lightning (9/15)
 O - a wand of clouds (2/9)
 P - a wand of paralysis (16/24)
Scrolls
 e - 2 scrolls of enchant armour
 v - a scroll of holy word
 y - 3 scrolls of fear
 B - 6 scrolls of blinking
 G - 2 scrolls of fog
 K - 4 scrolls of immolation
 M - 3 scrolls of magic mapping
 R - 14 scrolls of identify
 T - 12 scrolls of teleportation
 Y - 15 scrolls of remove curse
Potions
 h - 8 potions of haste
 i - 3 potions of agility
 o - 2 potions of might
 p - 2 potions of magic
 q - 2 potions of resistance
 w - 6 potions of ambrosia
 x - 5 potions of lignification
 E - 4 potions of berserk rage
 F - 4 potions of flight
 J - 3 potions of brilliance
 N - 2 potions of cancellation
 Q - 7 potions of curing
 V - 4 potions of invisibility
 W - 7 potions of mutation {!q}
 X - 5 potions of heal wounds
Comestibles
 j - 15 chunks of flesh
 n - 5 fruits
 z - 15 meat rations
 S - 10 bread rations


   Skills:
 - Level 13.6(15.8) Fighting
 - Level 17.5(19.5) Axes
 + Level 19.6(21.5) Bows
 - Level 12.2(14.5) Armour
 - Level 4.2(6.9) Dodging
 - Level 1.0(0.0) Spellcasting
   Level 3.0(1.1) Hexes
 - Level 9.1(6.8) Invocations
 - Level 7.1(5.0) Evocations


You had 15 spell levels left.
You knew the following spells:

 Your Spells              Type           Power        Failure   Level  Hunger
c - Passwall              Tmut/Erth      #.........   82%         2    ###....
d - Blink                 Tloc           N/A          82%         2    ###....


Dungeon Overview and Level Annotations

Branches:
Dungeon (15/15)            Temple (1/1) D:5            Lair (6/6) D:8
 Shoals (4/4) Lair:3        Snake (4/4) Lair:4        Slime (0/5) Lair:5
    Orc (2/2) D:10            Elf (0/3) Orc:2        Vaults (0/5) D:14
 Depths (0/5) D:15

Altars:
Ashenzari
Cheibriados
Dithmenos
Elyvilon
Fedhas
Gozag
Hepliaklqana
Kikubaaqudgha
Makhleb
Nemelex Xobeh
Okawaru
Qazlal
Ru
Trog
Uskayaw
Vehumet
Wu Jian
Xom
Zin
Beogh

Shops:
D:12 ?   Orc:2 :%*[?   Snake:3 (

Annotations:
Shoals:4 Donald


Innate Abilities, Weirdness & Mutations

You have a pair of small horns on your head.
You are surrounded by a mild repulsion field. (EV +2)
You are agile. (Dex +2)
Your muscles are strong. (Str +2)
Your spells are a little harder to cast, but a little more powerful.


Message History

The water elemental engulfs you in water!!!
The snapping turtle closely butts you!
You see here a large rock!
You feel much better! * * * don't die
* * * Your lungs strain for air!!!
The wind drake bites you butt butts no butt!
The water elemental hits you!
The cyclops throws a large rock!
The large rock hits you!!!!!! * * * don't die
* * * The wind drake bites you but does no damage!
The snapping turtle closely misses you!
A snapping turtle comes into view!
Unknown command!
You cannot read scrolls while unable to breathe!!!
With effort, you pull free of the water butt butt!
You gasp with relief as air once again reaches butt's lungs!
The water butt closely misses you!
The snapping turtle bites you from afar!!! rip

,,,,,≈≈≈≈≈≈≈≈≈≈.≈≈≈..PP.P≈≈≈≈≈#..
,,,,≈≈≈≈≈≈≈≈≈≈t......P#.P≈≈≈≈≈#..
,,,≈≈≈≈≈≈≈≈≈≈≈≈C...####...≈≈≈≈##.
,,,****≈≈≈≈≈≈≈......[......≈≈≈≈##
,*,,,,*#≈≈≈≈≈≈..............≈≈≈≈≈
*,,*,,≈*#≈≈≈≈≈...............≈≈≈≈
,,,,≈*≈≈*#≈≈≈≈..t............./..
,*,≈*≈*,,#≈≈≈≈≈kE...#####........
,,≈*≈≈≈,,#≈≈≈≈(.@..##...##.......
,,*≈≈≈,*,#..≈≈(≈...#.....#.......
*≈≈*≈,,....%..≈≈...'..}..'......≈
**≈,,*,.#..........#.....#.))...≈
,**,,,,#...........#*...##.....≈≈
,,****,.............#####.(...≈≈≈
≈≈≈≈≈≈≈.................(....≈≈≈≈
≈≈≈≈≈≈≈......................≈≈≈(
****≈≈≈≈≈,,,,,,,,,...........≈≈≈(


You could see 2 snapping turtles, a wind drake, a cyclops and a water elemental.

Vanquished Creatures
  Nikola (Shoals:4)
  Rupert (D:14)
  Polyphemus (Shoals:4)
  Gastronok (Lair:2)
  Ilsuiw (Shoals:4)
  5 nagarajas (Snake:4)
  Nessos (Lair:4)
  4 merfolk javelineers
  Josephine (Lair:5)
  3 merfolk impalers
  An ogre mage (D:15)
  4 hydras
  3 vault guards (D:14)
  Fannar (Lair:1)
  12 naga warriors
  Erolcha (Orc:2)
  A death knight (D:9)
  A merfolk avatar (Shoals:3)
  2 alligator snapping turtles
  3 centaur warriors
  4 catoblepae
  A merfolk aquamancer (Shoals:4)
  13 anacondas
  6 two-headed ogres
  7 death yaks
  8 naga sharpshooters
  Urug (D:11)
  7 shock serpents
  A skeletal warrior (D:9)
  4 salamander mystics
  A sixfirhy (D:10)
  4 sea snakes
  2 unseen horrors
  2 wizards
  A phantasmal warrior (D:9)
  6 naga ritualists
  6 orc knights (Orc:2)
  14 mana vipers
  14 harpies
  A necromancer (D:14)
  4 ugly things
  4 fauns (Shoals:2)
  An orc sorcerer (D:15)
  A deep elf mage (D:15)
  Pikel (D:5)
  2 cyclopes
  11 manticores
  6 merfolk sirens
  18 salamanders
  35 black mambas
  3 guardian serpents
  Maurice (D:9)
  A torpor snail (Lair:6)
  23 naga magi
  9 spiny frogs
  2 gargoyles
  5 water nymphs
  A yaktaur (D:14)
  A kobold demonologist (D:14)
  8 komodo dragons
  An efreet (D:15)
  2 rime drakes
  8 trolls
  A freezing wraith (D:10)
  17 merfolk
  3 hornets
  A polar bear (Lair:5)
  4 wind drakes
  7 snapping turtles
  14 blink frogs
  14 slime creatures
  8 hippogriffs
  7 wraiths
  48 yaks
  2 shadows
  2 water elementals (Shoals:4)
  17 humans (D:14)
  3 hungry ghosts
  4 wyverns
  2 vampire mosquitoes (D:14)
  60 nagas
  4 wargs (Orc:2)
  Edmund (D:5)
  A soldier ant (D:10)
  2 acid dragons
  12 water moccasins
  7 porcupines
  An ice beast (D:13)
  47 orc warriors
  6 phantoms
  A hornet zombie (D:10)
  2 necrophages (D:10)
  11 ogres
  4 eyes of draining
  A slave (D:5)
  2 black bears
  6 wolves (Lair:3)
  6 sky beasts
  22 centaurs
  22 crocodiles
  4 big kobolds
  24 bullfrogs
  A wyvern zombie (D:7)
  4 scorpions
  A water moccasin skeleton (D:7)
  4 wights
  2 howler monkeys
  6 crimson imps
  3 bullfrog zombies
  2 centaur zombies
  8 jellies
  5 centaur skeletons
  18 orc priests
  4 hounds
  26 orc wizards
  Jessica (D:3)
  4 iguanas
  Natasha (thrice) (D:3)
  10 worker ants
  A hound skeleton (D:6)
  A mummy (D:6)
  A howler monkey zombie (D:9)
  A worker ant zombie (D:10)
  8 adders
  5 shadow imps
  A worker ant simulacrum (D:10)
  An ooze (D:4)
  2 adder skeletons (D:4)
  2 worms (D:3)
  4 dart slugs
  11 leopard geckos
  108 orcs
  A ball python (D:4)
  7 bats
  8 giant cockroaches
  12 goblins
  8 hobgoblins
  22 jackals
  15 kobolds
  7 quokkas
  A ball python skeleton (D:4)
  5 frilled lizards
  A giant cockroach zombie (D:6)
  2 hobgoblin zombies (D:6)
  A jackal zombie (D:6)
  A kobold zombie (D:6)
  An orc zombie (D:6)
  7 rats
  4 fungi
  13 plants
1063 creatures vanquished.

Vanquished Creatures (others)
  A shadow (D:14)
  An orc warrior (D:14)
  An orc priest (D:14)
  A leopard gecko (D:3)
  An orc (D:6)
  A bush (Lair:6)
  21 fungi
  28 plants
55 creatures vanquished.

Grand Total: 1118 creatures vanquished

Notes
Turn   | Place    | Note
-------+----------+-------------------------------------------
     0 | D:1      | Gorglomux the Hill Orc Arcane Marksman began the quest for the Orb.
     0 | D:1      | Reached XP level 1. HP: 16/16 MP: 2/2
   147 | D:1      | Reached skill level 1 in Axes
   285 | D:1      | Reached XP level 2. HP: 20/24 MP: 3/3
   629 | D:1      | Reached XP level 3. HP: 24/29 MP: 4/4
   879 | D:2      | Reached skill level 3 in Axes
  1053 | D:2      | Reached skill level 3 in Fighting
  1053 | D:2      | Reached XP level 4. HP: 33/38 MP: 5/5
  1801 | D:3      | Noticed Natasha
  1812 | D:3      | Killed Natasha
  2045 | D:2      | HP: 1/40 [orc/flail (6)]
  2322 | D:3      | Found a bloodstained altar of Trog.
  2322 | D:3      | Noticed an eye of draining
  2322 | D:3      | Noticed an eye of draining
  2348 | D:3      | Killed an eye of draining
  2348 | D:3      | Reached XP level 5. HP: 35/47 MP: 0/6
  2349 | D:3      | Killed an eye of draining
  2349 | D:3      | Reached XP level 6. HP: 42/56 MP: 0/7
  2398 | D:3      | Noticed Natasha
  2443 | D:3      | Killed Natasha
  2776 | D:3      | Noticed Natasha
  2789 | D:3      | Killed Natasha
  2789 | D:3      | Reached skill level 6 in Axes
  3034 | D:3      | Reached XP level 7. HP: 49/62 MP: 2/8
  3062 | D:3      | Reached skill level 6 in Fighting
  3184 | D:3      | Found a burning altar of Makhleb.
  3283 | D:3      | Noticed Jessica
  3286 | D:3      | Killed Jessica
  3783 | D:4      | Got a bloodstained scarf
  3789 | D:4      | Identified the scarf of Precision Catastrophes {Regen+ rCorr Str-4 Dex-5 SInv} (You found it on level 4 of the Dungeon)
  3978 | D:4      | Found a sparkling altar of Nemelex Xobeh.
  4401 | D:4      | Reached XP level 8. HP: 59/73 MP: 3/9
  4451 | D:4      | Found a snail-covered altar of Cheibriados.
  4855 | D:5      | Entered Level 5 of the Dungeon
  4948 | D:5      | Found a radiant altar of Vehumet.
  5018 | D:5      | Noticed Pikel
  5052 | D:5      | Killed Pikel
  5052 | D:5      | Reached skill level 9 in Axes
  5140 | D:5      | Found a staircase to the Ecumenical Temple.
  5171 | Temple   | Entered the Ecumenical Temple
  5350 | Temple   | Became a worshipper of Warmaster Okawaru
  5511 | D:5      | Noticed Edmund
  5535 | D:5      | Killed Edmund
  5714 | D:5      | Reached skill level 9 in Fighting
  5795 | D:5      | Reached skill level 1 in Armour
  5798 | D:5      | Gained mutation: You are surrounded by a mild repulsion field. (EV +2) [mutagenic meat]
  5799 | D:5      | Gained mutation: You are agile. (Dex +2) [mutagenic meat]
  5800 | D:5      | Gained mutation: You are dopey. (Int -2) [mutagenic meat]
  5801 | D:5      | Gained mutation: You are covered in fur. (AC +1) [mutagenic meat]
  5802 | D:5      | Lost mutation: You are agile. (Dex +2) [mutagenic meat]
  5803 | D:5      | Gained mutation: You are partially covered in yellow scales. (AC +2) [mutagenic meat]
  6096 | D:6      | Reached XP level 9. HP: 83/83 MP: 3/10
  6105 | D:6      | Reached skill level 3 in Armour
  6109 | D:6      | Gained mutation: Your muscles are strong. (Str +2) [mutagenic meat]
  6110 | D:6      | Gained mutation: Scrolls take you a little longer to read. [mutagenic meat]
  6112 | D:6      | Gained mutation: Your spells are a little harder to cast, but a little more powerful. [mutagenic meat]
  6113 | D:6      | Gained mutation: Your flesh is heat resistant. (rF+) [mutagenic meat]
  6306 | D:6      | Reached * piety under Okawaru
  6346 | D:6      | Lost mutation: Your flesh is heat resistant. (rF+) [potion of mutation]
  6346 | D:6      | Lost mutation: You are dopey. (Int -2) [potion of mutation]
  6346 | D:6      | Lost mutation: Scrolls take you a little longer to read. [potion of mutation]
  6346 | D:6      | Lost mutation: You are covered in fur. (AC +1) [potion of mutation]
  6346 | D:6      | Lost mutation: You are partially covered in yellow scales. (AC +2) [potion of mutation]
  6346 | D:6      | Gained mutation: You are agile. (Dex +2) [potion of mutation]
  6346 | D:6      | Gained mutation: You have a pair of small horns on your head. [potion of mutation]
  7327 | D:7      | Found a blossoming altar of Fedhas.
  7328 | D:7      | Found a white marble altar of Elyvilon.
  7639 | D:8      | Reached ** piety under Okawaru
  7690 | D:8      | Reached skill level 6 in Armour
  7778 | D:8      | Reached skill level 12 in Axes
  7842 | D:8      | Found a shimmering altar of Xom.
  7842 | D:8      | Found an ornate altar of the Wu Jian Council.
  7990 | D:8      | Found a staircase to the Lair.
  8016 | D:8      | Noticed a two-headed ogre
  8060 | D:8      | Killed a two-headed ogre
  8060 | D:8      | Reached XP level 10. HP: 55/91 MP: 1/11
  8269 | D:9      | Noticed a skeletal warrior
  8300 | D:9      | Killed a skeletal warrior
  8300 | D:9      | Reached *** piety under Okawaru
  8306 | D:9      | Noticed a death knight
  8306 | D:9      | Noticed a phantasmal warrior
  8700 | D:9      | Got an emerald-encrusted scale mail
  8728 | D:9      | Identified the +5 scale mail of Snakes and Ladders {rPois} (You found it on level 9 of the Dungeon)
  8917 | D:9      | Noticed Maurice
  9047 | Lair:1   | Entered Level 1 of the Lair of Beasts
  9135 | Lair:1   | Noticed Fannar
  9165 | Lair:1   | Killed Fannar
  9165 | Lair:1   | Reached skill level 9 in Armour
  9397 | Lair:1   | Reached **** piety under Okawaru
  9562 | Lair:1   | Reached XP level 11. HP: 69/97 MP: 1/12
 10032 | Lair:2   | Reached skill level 1 in Invocations
 10032 | Lair:2   | Reached skill level 1 in Evocations
 10157 | Lair:2   | Noticed Gastronok
 10249 | Lair:2   | Killed Gastronok
 10249 | Lair:2   | Reached ***** piety under Okawaru
 10249 | Lair:2   | Received a gift from Okawaru
 10249 | Lair:2   | Reached skill level 15 in Axes
 10249 | Lair:2   | Reached skill level 3 in Evocations
 10858 | Lair:3   | Reached skill level 6 in Invocations
 11042 | Lair:3   | Reached XP level 12. HP: 72/104 MP: 5/16
 11413 | Lair:3   | Found a staircase to the Shoals.
 11570 | Lair:4   | Noticed Nessos
 11587 | Lair:4   | Killed Nessos
 11587 | Lair:4   | Received a gift from Okawaru
 11590 | Lair:4   | Got a jewelled buckler {god gift}
 11727 | Lair:4   | Noticed a four-headed hydra
 11736 | Lair:4   | Killed a four-headed hydra
 11849 | Lair:4   | Reached skill level 6 in Evocations
 11866 | Lair:4   | Found a staircase to the Snake Pit.
 12644 | Lair:5   | Found a staircase to the Slime Pits.
 12748 | Lair:5   | Reached skill level 9 in Invocations
 12908 | Lair:5   | Noticed Josephine
 13102 | Lair:5   | Killed Josephine
 13123 | Lair:5   | Reached skill level 3 in Dodging
 13364 | Lair:5   | Received a gift from Okawaru
 13394 | Lair:5   | Reached XP level 13. HP: 78/116 MP: 2/19
 13787 | Lair:6   | Entered Level 6 of the Lair of Beasts
 13963 | Lair:6   | Reached skill level 2 in Bows
 14182 | Lair:6   | Reached skill level 3 in Bows
 14394 | Lair:6   | Reached skill level 12 in Fighting
 14789 | Lair:6   | Reached skill level 4 in Bows
 15901 | Lair:6   | Reached skill level 5 in Bows
 15902 | Lair:6   | Received a gift from Okawaru
 15912 | Lair:6   | Got a shimmering scarf {god gift}
 15923 | Lair:6   | Identified the scarf "Ycidwest" {god gift, rF+ Regen+ Str+3 Int-5} (Okawaru gifted it to you on level 6 of the Lair of Beasts)
 16058 | Lair:6   | Learned a level 2 spell: Passwall
 16214 | D:9      | Killed Maurice
 16753 | D:9      | Reached XP level 14. HP: 86/129 MP: 13/20
 17190 | D:10     | Entered Level 10 of the Dungeon
 17215 | D:10     | Found a runed door.
 17219 | D:10     | Got a wavering turquoise ring
 17221 | D:10     | Identified the ring "Xycourao" {MP+9 Str+8 Slay-2 Stlth+} (You found it on level 10 of the Dungeon)
 17306 | D:10     | Reached skill level 6 in Bows
 17336 | D:10     | Reached skill level 12 in Armour
 17523 | D:10     | Learned a level 2 spell: Blink
 17626 | D:10     | Found a staircase to the Orcish Mines.
 18290 | D:11     | Noticed Urug
 18300 | D:11     | Killed Urug
 18300 | D:11     | Reached skill level 7 in Bows
 18918 | D:12     | Found Xemuhi's Magic Scroll Shop.
 18927 | D:12     | Bought a scroll of identify for 24 gold pieces
 18927 | D:12     | Bought a scroll of enchant weapon for 90 gold pieces
 18927 | D:12     | Bought a scroll of magic mapping for 42 gold pieces
 18927 | D:12     | Bought a scroll of holy word for 90 gold pieces
 18927 | D:12     | Bought a scroll of blinking for 90 gold pieces
 18927 | D:12     | Bought a scroll of teleportation for 36 gold pieces
 19146 | D:13     | Received a gift from Okawaru
 19172 | D:13     | Reached skill level 8 in Bows
 19462 | D:13     | Received a gift from Okawaru
 19523 | D:13     | Reached skill level 9 in Bows
 19792 | D:14     | Noticed Rupert
 19806 | D:14     | Killed Rupert
 19806 | D:14     | Reached skill level 10 in Bows
 20064 | D:14     | Received a gift from Okawaru
 20090 | D:14     | Reached XP level 15. HP: 107/137 MP: 21/21
 20126 | D:14     | Found a gate to the Vaults.
 20152 | D:14     | Reached skill level 11 in Bows
 20673 | D:15     | Entered Level 15 of the Dungeon
 20977 | D:15     | Received a gift from Okawaru
 21316 | D:15     | Received a gift from Okawaru
 21354 | D:15     | Found a staircase to the Depths.
 21690 | Orc:1    | Entered Level 1 of the Orcish Mines
 21713 | Orc:1    | Received a gift from Okawaru
 22092 | Orc:2    | Entered Level 2 of the Orcish Mines
 22122 | Orc:2    | Noticed Erolcha
 22137 | Orc:2    | Killed Erolcha
 22350 | Orc:2    | Found a staircase to the Elven Halls.
 22351 | Orc:2    | Found Givilim's Magic Scroll Emporium.
 22363 | Orc:2    | Bought a scroll of magic mapping for 49 gold pieces
 22363 | Orc:2    | Bought a scroll of immolation for 49 gold pieces
 22363 | Orc:2    | Bought a scroll of brand weapon for 280 gold pieces
 22442 | Orc:2    | Reached skill level 12 in Bows
 22846 | Orc:2    | Found Kuisag's Armour Boutique.
 22860 | Orc:2    | Found Ilysouv's Assorted Antiques.
 22894 | Orc:2    | Bought a square soapstone amulet for 150 gold pieces
 22910 | Orc:2    | Found a roughly hewn altar of Beogh.
 22972 | Orc:2    | Found Wianliuc's Food Boutique.
 22972 | Orc:2    | Found Aserr's Book Shoppe.
 23367 | Snake:1  | Entered Level 1 of the Snake Pit
 23714 | Snake:1  | Reached ****** piety under Okawaru
 23714 | Snake:1  | Reached skill level 13 in Bows
 23881 | Snake:1  | Reached XP level 16. HP: 145/145 MP: 22/22
 24289 | Snake:1  | Received a gift from Okawaru
 24768 | Snake:2  | Reached skill level 14 in Bows
 24831 | Snake:2  | Identified the +1 scale mail "Hattopre" {rElec rF+ Str+8 Dex-3} (You found it on level 2 of the Snake Pit)
 24890 | Snake:2  | Received a gift from Okawaru
 25091 | Snake:2  | Received a gift from Okawaru
 25114 | Snake:2  | Received a gift from Okawaru
 26072 | Snake:3  | Found Ysudghyr's Weapon Emporium.
 26266 | Snake:3  | Reached skill level 15 in Bows
 26431 | Snake:3  | Received a gift from Okawaru
 26766 | Snake:4  | Entered Level 4 of the Snake Pit
 26773 | Snake:4  | Received a gift from Okawaru
 26888 | Snake:4  | Reached skill level 16 in Bows
 26963 | Snake:4  | Reached XP level 17. HP: 149/151 MP: 23/23
 27389 | Snake:4  | Received a gift from Okawaru
 27401 | Snake:4  | Received a gift from Okawaru
 27439 | Snake:4  | Reached skill level 17 in Bows
 27512 | Snake:4  | Received a gift from Okawaru
 27579 | Snake:4  | Received a gift from Okawaru
 27902 | Snake:4  | Got a serpentine rune of Zot
 28148 | Snake:4  | Received a gift from Okawaru
 28394 | Shoals:1 | Entered Level 1 of the Shoals
 28406 | Shoals:1 | Reached skill level 18 in Bows
 28911 | Shoals:3 | Reached XP level 18. HP: 121/159 MP: 16/24
 29125 | Shoals:4 | Entered Level 4 of the Shoals
 29187 | Shoals:4 | Noticed Polyphemus
 29191 | Shoals:4 | Noticed Nikola
 29203 | Shoals:4 | Killed Polyphemus
 29240 | Shoals:4 | Reached skill level 19 in Bows
 29365 | Shoals:4 | Killed Nikola
 29401 | Shoals:4 | Noticed Ilsuiw
 29406 | Shoals:4 | Killed Ilsuiw
 29438 | Shoals:4 | Received a gift from Okawaru
 29572 | Shoals:4 | Received a gift from Okawaru
 29647 | Shoals:4 | Noticed Donald
 29816 | Shoals:4 | HP: 7/159 [cyclops/large rock (27)]
 29817 | Shoals:4 | Slain by a snapping turtle

Vault maps used:
D:1:      dpeg_arrival_rhombus
D:3:      trog_eyes_of_draining, lemuel_doored_altar, first_bread, uniq_jessica,
          uniq_natasha
D:4:      nicolae_overflow_crystal_walls, kennysheep_slug_shrine
D:5:      lemuel_coloured_pillars_altar, minmay_temple_entry_statues_pillars,
          uniq_pikel, uniq_edmund
D:6:      lemuel_ice_spiral_2, minmay_mini_ossuary
D:7:      chequers_temple_overflow_statue_of_worship, lemuel_old_faithful
D:8:      grunt_temple_overflow_open, lair_entry_dummy
D:9:      st_stairs_7, uniq_maurice
D:10:     cheibrodos_shockbox, david_orc_2, minmay_pinched_square
D:11:     uniq_urug
D:12:     serial_shops, shop
D:14:     grunt_vaults_entry_tiered, uniq_rupert
D:15:     grunt_enter_depths_magical_seal, serial_park_tiny_pond
Temple:   minmay_temple_curvy_branch
Lair:1:   uniq_fannar
Lair:2:   minivault_24, uniq_gastronok
Lair:3:   elwin_shoals_entry_rooms
Lair:4:   minmay_snake_entry_guardpost_small, uniq_nessos
Lair:5:   minmay_slime_entry_pillars, uniq_josephine
Lair:6:   evilmike_catoblepas_cave
Shoals:2: nicolae_shoals_island_circles, serial_shops, shop,
          nicolae_shoals_square_sea_wall
Shoals:4: shoals_end_simple, shoals_ilsuiw_alternative, overgrown_hall,
          uniq_polyphemus, uniq_nikola, uniq_donald
Snake:1:  nrook_guardian_serpent_snake_passage, corexii_hall_statues_i
Snake:2:  grunt_megastairs_3
Snake:3:  serial_shops, shop
Snake:4:  minmay_snake_end_coiled
Orc:2:    st_orc_town, serial_shops, shop_statue, uniq_erolcha

Skill      XL: |  1  2  3  4  5  6  7  8  9 10 11 12 13 14 15 16 17 18 |
---------------+-------------------------------------------------------+-----
Axes           | 1 2 3 4 5 6 8 10 12 14 15 16 17 | 17.5
Fighting       | 2 3 4 5 7 9 11 13 | 13.6
Armour         | 2 7 9 10 11 12 | 12.2
Dodging        | 2 3 4 |  4.2
Invocations    | 6 9 |  9.1
Evocations     | 4 7 |  7.1
Bows           | 5 10 13 16 18 19 | 19.6
Spellcasting   | |  1.0
Hexes          | |  3.0

Action                   |  1- 3 |  4- 6 |  7- 9 | 10-12 | 13-15 | 16-18 || total
-------------------------+-------+-------+-------+-------+-------+-------++-------
Melee: Hand axe          |   112 |    72 |       |       |       |       ||   184
       War axe           |       |    69 |   478 |   635 |   259 |       ||  1441
       Headbutt          |       |       |    25 |   100 |   218 |    44 ||   387
       Punch             |       |       |       |     1 |     2 |       ||     3
       Broad axe         |       |       |       |       |   424 |       ||   424
       Battleaxe         |       |       |       |       |   290 |   155 ||   445
 Fire: Shortbow          |    21 |    40 |    66 |    55 |       |       ||   182
       Longbow           |       |       |       |    39 |   390 |   838 ||  1267
Throw: Tomahawk          |    13 |     1 |       |       |       |       ||    14
       Javelin           |       |     3 |    24 |    16 |       |       ||    43
Invok: Heroism           |       |       |     3 |    16 |    30 |    24 ||    73
       Finesse           |       |       |       |     2 |     5 |    10 ||    17
 Abil: Evoke Flight      |       |       |       |       |       |     6 ||     6
Evoke: Wand              |       |       |     1 |    11 |    11 |     3 ||    26
  Use: Potion            |       |     3 |     1 |     1 |       |     4 ||     9
       Scroll            |       |       |    17 |     8 |    24 |     9 ||    58
 Stab: Paralysed         |       |       |       |       |     8 |       ||     8
       Confused          |       |       |       |       |     2 |       ||     2
       Sleeping          |       |       |       |       |       |     1 ||     1
  Eat: Chunk             |     1 |     6 |    28 |    15 |    37 |     2 ||    89
       Fruit             |       |       |       |     4 |       |     3 ||     7
       Royal jelly       |       |       |       |       |     5 |     6 ||    11
       Meat ration       |       |       |       |       |       |     2 ||     2
Armor: Robe              |     8 |       |       |       |       |       ||     8
       Chain mail        |    81 |    83 |   262 |    24 |       |       ||   450
       Scale mail        |       |       |       |   216 |   456 |   239 ||   911
Dodge: Dodged            |    68 |    47 |   136 |   323 |   740 |   374 ||  1688
